 Dungeon Crawl Stone Soup version 0.20.0-7-g3b7b877 (webtiles) character file.

3206 Jerry the Cleaver (level 9, -1/81 HPs)
             Began as a Hill Orc Fighter on May 29, 2017.
             Was an Elder of Okawaru.
             Succumbed to Grum's poison
             ... on level 10 of the Dungeon.
             The game lasted 00:20:44 (6684 turns).

Jerry the Cleaver (Hill Orc Fighter)                Turns: 6684, Time: 00:20:44

Health: -1/81      AC: 16    Str: 27    XL:     9   Next: 97%
Magic:  22/22      EV:  7    Int:  8    God:    Okawaru [****..]
Gold:   297        SH:  5    Dex: 10    Spells: 8/8 levels left

rFire    . . .     SeeInvis .   a - +0 war axe
rCold    . . .     Gourm    .   r - +0 buckler
rNeg     . . .     Faith    .   E - +0 plate armour
rPois    .         Spirit   .   u - +0 helmet
rElec    .         Reflect  .   w - +0 cloak (curse)
rCorr    .         Harm     .   (no gloves)
MR       .....                  (no boots)
Stlth    ..........             s - amulet of rage
Regen    0.3/turn               t - ring of magical power
MPRegen  0.2/turn               C - ring of loudness (curse)

@: mighty, lethally poisoned (-1 -> -15), berserk cooldown, slowed, very slow
A: no striking features
a: Heroism, Renounce Religion, Evoke Berserk Rage


You were on level 10 of the Dungeon.
You worshipped Okawaru.
Okawaru was greatly pleased with you.
You were hungry.

You visited 1 branch of the dungeon, and saw 9 of its levels.
You also visited: Sewer.

You collected 333 gold pieces.
You spent 36 gold pieces at shops.

Inventory:

Hand Weapons
 a - a +0 war axe (weapon)
Armour
 r - a +0 buckler (worn)
 u - a +0 helmet (worn)
 w - a cursed +0 cloak (worn)
 E - a +0 plate armour (worn)
Jewellery
 s - an amulet of rage (around neck)
 t - a ring of magical power (left hand)
 C - a cursed ring of loudness (right hand)
 I - a cursed -2 ring of protection {unknown}
Wands
 J - a wand of confusion (16/48)
Scrolls
 g - a scroll of noise {unknown}
 i - 2 scrolls of amnesia {unknown}
 l - 5 scrolls of identify
 m - a scroll of enchant armour {unknown}
 n - 3 scrolls of fear {unknown}
 q - 4 scrolls of teleportation {unknown}
 v - 3 scrolls of remove curse
 y - a scroll of recharging {unknown}
 G - a scroll of silence {unknown}
Potions
 c - a potion of haste {unknown}
 e - 2 potions of curing
 h - 5 potions of flight
 j - 2 potions of agility {unknown}
 k - a potion of resistance {unknown}
 o - a potion of magic {unknown}
 p - 2 potions of mutation {unknown}
 x - 2 potions of degeneration {unknown}
 z - 2 potions of lignification {unknown}
 D - 2 potions of heal wounds {unknown}
 H - 2 potions of berserk rage {unknown}
Books
 B - a book of Callings

   Spells                             Type                      Level
   a - Summon Small Mammal            Summoning                    1
   b - Call Imp                       Summoning                    2
   c - Call Canine Familiar           Summoning                    3
   d - Summon Guardian Golem          Hexes/Summoning              3
   e - Summon Lightning Spire         Summoning/Air                4
   f - Summon Ice Beast               Ice/Summoning                4
Comestibles
 b - 2 chunks of flesh
 f - 9 bread rations
 A - 3 meat rations
 F - 4 fruits


   Skills:
 + Level 8.0 Fighting
 * Level 11.4 Axes
 + Level 7.5 Armour
 - Level 5.3 Shields
 + Level 6.0 Invocations


You had 8 spell levels left.
You didn't know any spells.

Dungeon Overview and Level Annotations

Branches:
Dungeon (8/15)             Temple (0/1) D:6
   Lair: D:8-11

Altars:
Elyvilon
Gozag
Kikubaaqudgha
Makhleb
Okawaru
Sif Muna
Trog
Vehumet
Zin
The Shining One

Shops:
D:5 (=*

Annotations:
D:10 Grum


Message History

The hell hound is severely wounded.
The hell hound bites you but does no damage.
You block Grum's attack.
The hell hound bites you but does no damage.
You slash the hell hound!
You kill the hell hound!
Okawaru accepts your kill.
Your Fighting skill increases to level 8!
Your Invocations skill increases to level 6!
You feel sick. Grum hits you but does no damage.
You closely miss Grum. You barely miss the human.
You are no longer berserk.
You are exhausted.
You feel yourself slow down. Grum hits you with a spear of venom!
* * * LOW HITPOINT WARNING * * *
You are more poisoned.
You hit Grum.
Grum is lightly wounded.
You closely miss the human.
You die...

##'######## #..##
##..# ###.######
#........# .
#........# ...
####)...(...#
.....###(pZ........#
....hhhg@##........#
.....############.##
... ..# # #.# #


You could see Grum, a human, 3 wolves and a bullfrog skeleton.

Vanquished Creatures
  The ghost of Zaque the Basher, a novice DsAK of Lugonu (D:7)
  Prince Ribbit (D:7)
  Edmund (D:5)
  2 hell hounds (D:10)
  A water moccasin (D:6)
  Duvessa (D:7)
  An ice beast (D:8)
  An orc warrior (D:5)
  3 ogres
  A wolf (D:10)
  6 centaurs
  A big kobold (Sewer)
  2 bullfrogs
  Dowan (D:7)
  A scorpion (D:5)
  A howler monkey (D:6)
  A crimson imp (D:6)
  3 orc priests
  A centaur skeleton (D:6)
  A hound (D:5)
  3 orc wizards
  4 worker ants
  A hound zombie (D:5)
  A hound skeleton (D:5)
  Robin (D:3)
  7 gnolls
  11 adders
  A river rat (Sewer)
  3 shadow imps (D:5)
  An ooze (D:1)
  An adder zombie (D:6)
  2 dart slugs
  4 worms
  6 leopard geckos
  20 orcs
  3 ball pythons
  12 giant cockroaches
  13 hobgoblins
  6 jackals
  6 quokkas
  8 bats
  4 frilled lizards
  A giant cockroach zombie (D:5)
  14 goblins
  A goblin zombie (D:6)
  A hobgoblin zombie (D:6)
  A jackal zombie (D:5)
  8 kobolds
  2 kobold skeletons (D:6)
  An orc skeleton (D:6)
  3 orc zombies (D:6)
  A quokka skeleton (D:5)
  9 rats
191 creatures vanquished.

Vanquished Creatures (others)
  A quokka (D:5)
1 creature vanquished.

Grand Total: 192 creatures vanquished

Notes
Turn   | Place    | Note
-------+----------+-------------------------------------------
     0 | D:1      | Jerry the Hill Orc Fighter began the quest for the Orb.
     0 | D:1      | Reached XP level 1. HP: 19/19 MP: 1/1
   112 | D:1      | Reached skill level 3 in Axes
   116 | D:1      | Reached XP level 2. HP: 27/27 MP: 2/2
   137 | D:1      | Found an iron altar of Okawaru.
   153 | D:1      | Became a worshipper of Warmaster Okawaru
   491 | D:1      | Reached XP level 3. HP: 33/33 MP: 3/3
   791 | D:1      | HP: 1/33 [poisoned by a kobold]
  1333 | D:2      | Reached XP level 4. HP: 37/40 MP: 4/4
  1375 | D:2      | Reached skill level 4 in Axes
  1475 | D:2      | Found an opulent altar of Gozag.
  1511 | D:2      | Found a glowing silver altar of Zin.
  1681 | D:2      | Found an ancient bone altar of Kikubaaqudgha.
  2046 | D:3      | Reached skill level 5 in Axes
  2046 | D:3      | Reached XP level 5. HP: 35/46 MP: 5/5
  2239 | D:3      | Noticed Robin
  2250 | D:3      | Killed Robin
  2847 | D:4      | Reached XP level 6. HP: 50/53 MP: 6/6
  3079 | D:4      | Reached * piety under Okawaru
  3079 | D:4      | Reached skill level 6 in Axes
  3205 | D:4      | Reached XP level 7. HP: 32/60 MP: 7/7
  3380 | D:4      | Reached skill level 5 in Armour
  3385 | D:4      | Reached skill level 5 in Fighting
  3733 | D:5      | Entered Level 5 of the Dungeon
  3737 | D:5      | Reached skill level 5 in Shields
  3744 | D:4      | Reached skill level 7 in Axes
  3964 | D:5      | Noticed Edmund
  3976 | D:5      | Killed Edmund
  3976 | D:5      | Reached ** piety under Okawaru
  4040 | D:5      | Reached XP level 8. HP: 60/69 MP: 8/8
  4041 | D:5      | Found a faded altar of an unknown god.
  4041 | D:5      | Found a bloodstained altar of Trog.
  4047 | D:5      | Found a deep blue altar of Sif Muna.
  4049 | D:5      | Found an iron altar of Okawaru.
  4051 | D:5      | Found a faded altar of an unknown god.
  4099 | D:5      | Found a white marble altar of Elyvilon.
  4174 | D:5      | Found Sarou's Jewellery Emporium.
  4202 | D:5      | Found Roes's Antique Weapon Emporium.
  4280 | D:5      | Found a glowing drain.
  4307 | Sewer    | Entered a sewer
  4392 | Sewer    | Reached skill level 8 in Axes
  4392 | Sewer    | Reached skill level 1 in Invocations
  4406 | Sewer    | Found a white marble altar of Elyvilon.
  4520 | D:5      | Found Puesy's General Store.
  4545 | D:5      | Bought a potion of flight for 36 gold pieces
  4672 | D:5      | Found a burning altar of Makhleb.
  4951 | D:6      | Found a glowing golden altar of the Shining One.
  5080 | D:6      | Reached skill level 9 in Axes
  5088 | D:6      | Found a radiant altar of Vehumet.
  5112 | D:6      | Found a staircase to the Ecumenical Temple.
  5391 | D:6      | Got a jewelled quarterstaff
  5397 | D:6      | Identified the +6 quarterstaff "Conservator" {crush, Dex+3} (You found it on level 6 of the Dungeon)
  5838 | D:7      | Reached *** piety under Okawaru
  5838 | D:7      | Reached XP level 9. HP: 65/78 MP: 12/12
  5922 | D:7      | Noticed Zaque's ghost (novice DsAK)
  5932 | D:7      | Killed Zaque's ghost
  5932 | D:7      | Reached skill level 10 in Axes
  5981 | D:7      | Noticed Prince Ribbit
  6013 | D:7      | Killed Prince Ribbit
  6013 | D:7      | Reached skill level 5 in Invocations
  6168 | D:7      | Noticed Dowan
  6170 | D:7      | Noticed Duvessa
  6193 | D:7      | Killed Duvessa
  6209 | D:8      | Reached **** piety under Okawaru
  6512 | D:7      | Killed Dowan
  6554 | D:7      | Reached skill level 11 in Axes
  6606 | D:7      | You fall through a shaft for 3 floors!
  6606 | D:10     | Entered Level 10 of the Dungeon
  6664 | D:10     | Noticed Grum
  6683 | D:10     | HP: 1/81 [Grum/spear of venom (13)]
  6684 | D:10     | Succumbed to Grum's poison

Skill      XL: |  1  2  3  4  5  6  7  8  9 |
---------------+----------------------------+-----
Axes           | 3 5 6 7 9 11 | 11.4
Fighting       | 4 5 6 8 |  8.0
Armour         | 4 5 6 7 |  7.5
Shields        | 4 5 |  5.3
Invocations    | 4 6 |  6.0

Action                   |  1- 3 |  4- 6 |  7- 9 || total
-------------------------+-------+-------+-------++-------
Melee: War axe           |   118 |   211 |   350 ||   679
       Quarterstaff      |       |       |     9 ||     9
 Abil: Evoke Berserk Rag |       |       |     6 ||     6
  Use: Scroll            |     2 |     1 |       ||     3
       Potion            |       |       |     2 ||     2
  Eat: Chunk             |     2 |     6 |    11 ||    19
       Meat ration       |       |       |     1 ||     1
Armor: Scale mail        |   108 |   105 |    69 ||   282
       Plate armour      |       |       |   132 ||   132
Dodge: Dodged            |    66 |   102 |   128 ||   296
Block: Shield            |    37 |       |       ||    37
       Buckler           |       |    38 |    70 ||   108
